Map: Ulrena

Players

capac

  • Race: Terran Terran
  • League: Gold

johnjohn - Winner!

  • Race: Zerg Zerg
  • League: Gold

VOD

Have the link to the VOD?

Description

Time

  • Played on: Feb. 16, 2016, 2:45 p.m.
  • Length: 21:22
Show
View Real Time Build Order
Export as new Build Order

capac Terran 

Build Orders: Liberator Opening, MMM Bio 

Get SALT Encoding   

  12  0:00  SCV  
  13  0:13  SCV  
  14  0:18  Supply Depot  
  14  0:25  SCV  
  15  0:39  SCV  
  15  0:42  Barracks  
  16  0:46  Refinery  
  16  0:51  SCV  
  17  1:03  SCV  
  18  1:15  SCV  
  19  1:28  SCV  
  19  1:30  Supply Depot, Marine  
  21  1:40  SCV  
  22  1:51  Marine  
  23  1:57  Command Center  
  23  2:06  Factory  
  23  2:12  Marine  
  24  2:17  Orbital Command  
  24  2:30  Marine  
  24  2:52  Starport  
  24  2:53  Marine  
  24  2:56  SCV  
  26  2:59  Factory Tech Lab  
  26  3:04  Refinery  
  26  3:11  Barracks, SCV  
  27  3:13  Marine  
  28  3:21  Liberator  
  28  3:27  Bunker  
  28  3:29  SCV  
  32  3:41  SCV  
  32  3:47  Marine  
  34  3:52  Orbital Command  
  34  3:53  SCV  
  35  4:05  Barracks Tech Lab  
  35  4:07  Barracks, Marine  
  36  4:12  Supply Depot  
  36  4:15  SCV  
  37  4:21  SCV  
  38  4:30  Siege Tank  
  41  4:36  SCV  
  41  4:37  SCV  
  43  4:46  Supply Depot  
  43  4:48  SCV  
  43  4:49  Marine, SCV  
  43  4:52  Marine  
  47  4:53  Stimpack  
  47  4:56  Barracks Reactor  
  47  5:02  SCV  
  47  5:03  SCV  
  47  5:05  Engineering Bay  
  49  5:16  Starport Reactor  
  49  5:18  Siege Tank  
  49  5:19  Marine x2  
  54  5:23  SCV x2  
  54  5:27  Refinery  
  56  5:29  Supply Depot  
  56  5:34  Marine x2  
  58  5:53  SCV x2  
  60  5:57  Refinery  
  60  6:00  Marine x3  
  60  6:01  Marine  
  60  6:03  Siege Tank  
  60  6:04  Medivac  
  69  6:07  Supply Depot  
  69  6:18  Terran Infantry Weapons Level 1  
  69  6:23  Barracks Reactor  
  69  6:28  Medivac  
  71  6:43  Siege Tank, SCV  
  71  6:45  Marine x3  
  78  6:48  Liberator  
  78  6:50  Supply Depot  
  78  6:53  Combat Shields  
  78  6:57  Command Center  
  78  7:05  Marine x3  
  84  7:17  Supply Depot  
  84  7:19  Marine x2  
  86  7:32  Marine x2, Liberator x2  
  86  7:33  Marine  
  89  7:39  SCV x2  
  89  7:40  Supply Depot  
  89  7:44  Engineering Bay  
  91  7:51  SCV x2  
  99  8:03  SCV x2, Armory  
  101  8:17  Barracks  
  101  8:21  Barracks  
  101  8:30  SCV x2  
  101  8:31  Siege Tank  
  101  8:32  Marine x2  
  101  8:33  Marine x3  
  111  8:36  Bunker  
  111  8:50  Medivac x2  
  114  9:04  Orbital Command  
  114  9:08  Liberator x2  
  114  9:20  Marine x4  
  114  9:22  Siege Tank  
  124  9:48  Marine  
  124  9:49  Marine x4  
  129  9:54  Siege Tank  
  129  9:56  SCV  
  133  10:11  Supply Depot  
  133  10:13  Barracks Reactor  
  133  10:14  Marauder, Marine x4  
  133  10:15  Terran Infantry Weapons Level 2, Barracks  
  133  10:17  Terran Infantry Armor Level 1  
  133  10:20  Barracks  
  139  10:24  Factory  
  139  10:32  Marine x3  
  137  11:29  Siege Tank  
  137  11:30  Marine x4  
  137  11:31  Marine x3  
  144  12:01  Siege Tank  
  122  12:33  Siege Tank  
  107  12:44  Marine x3  
  93  13:30  Marine  
  93  13:31  Marine x6  
  93  13:32  Marine  
  101  13:47  Barracks Reactor  
  101  13:48  Marine x2, Barracks Reactor  
  101  13:50  Supply Depot, Terran Infantry Armor Level 2, Terran Infantry Weapons Level 3  
  101  13:51  Supply Depot  
  101  13:53  Siege Tank  
  101  13:55  Medivac x2  
  110  13:57  Command Center  
  110  14:25  Siege Tank  
  110  14:29  Marine x3  
  110  14:30  Marine x7  
  110  14:31  Marine x2  
  114  14:42  Bunker  
  102  14:47  Marine  
  98  15:00  Medivac  
  98  15:01  Medivac  
  93  15:13  Factory Tech Lab  
  93  15:14  Marine  
  93  15:15  Marine x6  
  93  15:16  Marine x3  
  93  15:17  Siege Tank  
  106  15:24  Marine x2  
  108  15:30  Medivac  
  108  15:31  Medivac  
  108  15:32  Supply Depot, Marine x2  
  108  15:33  Marine x4  
  118  15:47  Starport  
  117  15:58  Bunker  
  117  16:00  Refinery  
  117  16:02  Refinery  
  117  16:04  Siege Tank  
  117  16:05  Siege Tank  
  123  16:15  Marine x2  
  123  16:16  Marine x6  
  123  16:17  Marine x3  
  134  16:19  Supply Depot  
  134  16:27  Terran Infantry Armor Level 3  
  134  16:34  Marine x3  
  134  16:35  Marine x6  
  134  16:36  Marine x3, Siege Tank  
  134  16:37  Siege Tank  
  152  16:52  Marine x4  
  152  16:53  Marine x2  
  153  17:23  Supply Depot  
  153  17:51  Medivac x2  
  157  18:00  Marine x2  
  157  18:01  Marine x6  
  157  18:02  Marine x4  
  163  18:18  Marine  
  162  18:21  Medivac x2  
  164  18:27  Marine  
  164  18:28  Marine x6  
  164  18:29  Marine x4  
  175  18:36  Marine  
  176  18:41  Missile Turret  
  176  18:45  Marine x2  
  176  18:46  Marine x5  
  176  18:47  Marine x2, Missile Turret  
  185  18:54  Marine x3  
  188  19:03  Marine  
  189  19:20  Siege Tank  
  189  19:22  Marine x2  
  189  19:23  Siege Tank  
  98  19:44  Marine x2  
  98  19:45  Marine x6  
  98  19:46  Marine x2  
  98  19:52  Siege Tank  
  100  19:55  Siege Tank  
  100  19:59  Marine x2  
  105  20:02  Marine x3  
  105  20:03  Marine x5  
  113  20:34  Siege Tank x2  
  115  20:39  Marine x4  
  115  20:40  Marine x5  
Show
View Real Time Build Order
Export as new Build Order

johnjohn Zerg - Winner!

Build Orders: Hatch First, Lurkers 

Get SALT Encoding   

  12  0:02  Drone  
  13  0:08  Drone  
  14  0:35  Hatchery  
  14  0:37  Drone  
  14  0:55  Spawning Pool  
  13  1:03  Overlord  
  13  1:07  Drone  
  14  1:24  Drone x2  
  16  1:37  Drone x2  
  18  1:46  Queen  
  20  1:50  Queen  
  22  2:01  Drone x2  
  23  2:07  Zergling x4  
  26  2:11  Extractor  
  25  2:21  Zergling x4  
  25  2:22  Zergling x2  
  28  2:25  Overlord  
  28  2:49  Zergling x2  
  28  2:50  Zergling x6  
  31  3:03  Spine Crawler x2  
  31  3:04  Queen  
  31  3:06  Drone  
  31  3:07  Zergling x2  
  33  3:20  Roach Warren  
  32  3:34  Drone  
  32  3:35  Drone x3  
  36  3:53  Overlord x2  
  36  4:02  Overlord  
  36  4:05  Overlord  
  36  4:12  Drone x2  
  36  4:14  Drone  
  39  4:21  Drone x2  
  39  4:23  Drone  
  42  4:27  Drone  
  43  4:39  Spore Crawler  
  43  4:40  Spore Crawler  
  41  4:58  Queen  
  43  5:06  Spore Crawler  
  42  5:22  Drone  
  42  5:23  Drone x6  
  48  5:35  Drone x2  
  50  5:38  Hatchery  
  50  5:41  Extractor  
  48  5:58  Drone  
  48  5:59  Drone x2  
  51  6:07  Lair  
  51  6:13  Roach Warren  
  50  6:23  Extractor  
  50  6:24  Drone  
  50  6:25  Drone x4  
  54  6:27  Overlord x2  
  54  6:28  Overlord  
  54  6:35  Evolution Chamber  
  54  6:38  Evolution Chamber  
  52  6:42  Drone  
  52  6:43  Drone x2  
  52  6:46  Drone x2  
  58  6:47  Drone  
  58  6:50  Drone  
  58  6:51  Drone x6  
  58  6:52  Extractor  
  64  7:07  Hydralisk Den  
  63  7:10  Zerg Missile Weapons Level 1  
  63  7:14  Overseer  
  63  7:15  Overseer  
  63  7:24  Queen  
  63  7:25  Drone  
  63  7:26  Drone x8  
  74  7:39  Hydralisk x7  
  88  7:45  Muscular Augments  
  88  7:47  Overlord  
  88  7:50  Overlord  
  88  8:07  Burrow  
  88  8:08  Hydralisk  
  88  8:09  Hydralisk x6  
  88  8:11  Overlord  
  102  8:27  Zerg Ground Armor Level 1  
  102  8:29  Zergling x2, Overlord x2  
  102  8:30  Zergling x14  
  102  8:33  Glial Reconstitution  
  110  8:41  Drone x2  
  110  8:42  Drone  
  110  8:45  Overlord x2  
  113  8:52  Extractor  
  113  8:53  Extractor, Roach  
  113  8:54  Roach x6  
  125  9:20  Drone x3  
  125  9:22  Drone x3  
  132  9:24  Drone x2  
  133  9:37  Hatchery  
  132  9:57  Zerg Missile Weapons Level 2  
  132  10:00  Spire  
  131  10:07  Drone  
  131  10:08  Drone  
  131  10:12  Lurker Den  
  134  10:14  Zergling x12  
  134  10:15  Zergling x12  
  134  10:16  Zergling x2  
  134  10:17  Metabolic Boost  
  146  10:25  Infestation Pit  
  145  10:33  Overlord x4  
  145  10:40  Overseer  
  145  10:50  Queen  
  145  10:51  Drone  
  145  10:52  Drone x8  
  156  11:02  Hive  
  156  11:03  Infestor x3, Drone  
  163  11:05  Infestor  
  163  11:07  Zergling x4  
  163  11:09  Zerg Ground Armor Level 2  
  166  11:29  Mutalisk x5  
  166  11:32  Overlord  
  176  11:33  Overlord x3  
  176  11:34  Zergling x12  
  108  12:42  Hydralisk  
  108  12:43  Hydralisk x18  
  108  12:44  Hydralisk x2  
  118  13:02  Zergling x12  
  106  13:25  Zergling x6  
  106  13:26  Zergling x6  
  112  13:34  Zergling x2  
  112  13:35  Zergling x4  
  112  13:41  Hatchery  
  114  14:00  Hatchery  
  113  14:09  Ultralisk Cavern  
  112  14:11  Lurker x4  
  112  14:12  Lurker  
  112  14:13  Zergling x2  
  112  14:14  Zergling x32  
  112  14:15  Zergling x6  
  90  15:08  Ultralisk  
  90  15:09  Ultralisk x4  
  90  15:11  Zerg Melee Weapons Level 1  
  120  15:15  Drone  
  120  15:16  Drone x15  
  120  15:21  Extractor  
  135  15:22  Extractor  
  134  15:45  Zergling x2  
  134  15:46  Zergling x34  
  134  15:47  Zergling x2  
  153  15:52  Extractor  
  153  15:53  Extractor  
  151  16:05  Ultralisk  
  151  16:06  Chitinous Plating  
  157  16:14  Zergling x2  
  157  16:15  Zergling x32  
  174  16:35  Zergling x26  
  187  16:40  Zerg Ground Armor Level 3  
  187  16:45  Hydralisk  
  187  16:46  Hydralisk x5  
  177  17:23  Ultralisk  
  177  17:24  Ultralisk x2  
  181  18:41  Ultralisk x3  
  199  18:43  Zerg Melee Weapons Level 2  
  145  19:54  Mutalisk  
  145  19:55  Mutalisk x7  
  161  20:20  Hatchery  
  160  20:27  Hatchery  
Tags
 
Add a new tag
Caveats
  • Supply blocks, unpowered buildings, or Contaminate may cause inaccurate times.
  • Supply counts are checked every 10 seconds.